 Dungeon Crawl Stone Soup version 0.29-a0-1023-g6ae1a4a2c7 (webtiles) character file.

Game seed: 10908942383460644780

356 Sobieck the Sneak (level 6, 0/32 HPs)
             Began as a Kobold Earth Elementalist on Aug 11, 2022.
             Slain by a gnoll
             ... wielding a +0 flail
              (9 damage)
             ... on level 3 of the Dungeon.
             The game lasted 00:09:17 (3714 turns).

Sobieck the Sneak (Kobold Earth Elementalist)       Turns: 3714, Time: 00:09:18

Health: 0/32       AC:  3    Str:  5    XL:     6   Next: 96%
Magic:  16/18      EV: 15    Int: 17    God:
Gold:   110        SH:  0    Dex: 17    Spells: 6/9 levels left

rFire   . . .      SeeInvis +   b - staff of earth {!astaff}
rCold   . . .      Faith    .   (shield currently unavailable)
rNeg    . . .      Spirit   .   w - +0 robe
rPois   .          Reflect  .   (no helmet)
rElec   .          Harm     .   (no cloak)
rCorr   .          Rampage  .   z - +0 pair of gloves
Will    .....                   (no boots)
Stlth   ++++......              (no amulet)
HPRegen 0.10/turn               r - ring of see invisible
MPRegen 0.16/turn               q - ring of magical power

@: no status effects
A: small, no large weapons, nightstalker 3
a: no special abilities


You were on level 3 of the Dungeon.
You visited 1 branch of the dungeon, and saw 4 of its levels.

You collected 168 gold pieces.
You spent 58 gold pieces at shops.


Innate Abilities, Weirdness & Mutations

You are small and have problems with some larger weapons.
You are completely attuned to the shadows.


   Skills:
 + Level 3.1 Short Blades
 - Level 2.4 Dodging
 + Level 6.2 Stealth
 - Level 2.1 Spellcasting
 + Level 2.2 Transmutations
 + Level 4.9 Earth Magic


You had 6 spell levels left.
You knew the following spells:

 Your Spells              Type           Power      Damage    Failure   Level
a - Sandblast             Erth           56%        2d13      2%          1
b - Passwall              Tmut/Erth      17%        N/A       7%          2

Your spell library contained the following spells:

 Spells                   Type           Power      Damage    Failure   Level
 Stone Arrow              Conj/Erth      30%        3d8       21%         3
 Blink                    Tloc           2%         N/A       28%         2
 Petrify                  Tmut/Erth      21%        N/A       41%         4
 Lesser Beckoning         Tloc           1%         N/A       50%         3
 Manifold Assault         Tloc           1%         N/A       99%         5

Inventory:

Hand Weapons
 a - a +1 dagger {short}
   (You took it off a kobold on level 2 of the Dungeon)
 d - a +2 vampiric hand axe {axe}
   (You found it on level 1 of the Dungeon)
 e - a +0 whip {mace}
   (You found it on level 1 of the Dungeon)
Missiles
 x - 2 poisoned darts {throwing}
 y - 16 stones {throwing}
 B - 3 boomerangs {throwing}
 K - a throwing net {=f!fthrowing}
Armour
 k - a +0 leather armour
   (You found it on level 1 of the Dungeon)
 s - a +0 ring mail
   (You found it on level 2 of the Dungeon)
 w - a +0 robe (worn)
 z - a +0 pair of gloves (worn)
   (You bought it in a shop on level 3 of the Dungeon)
 C - a +0 leather armour
   (You found it on level 3 of the Dungeon)
 D - a +0 leather armour
   (You found it on level 3 of the Dungeon)
 H - a +0 robe
   (You took it off an orc wizard on level 3 of the Dungeon)
 I - a +0 ring mail
   (You took it off an orc on level 3 of the Dungeon)
 J - a +0 leather armour
   (You found it on level 3 of the Dungeon)
Magical Staves
 b - a staff of earth (weapon) {!astaff}
   (You found it on level 1 of the Dungeon)
 l - a staff of earth {!astaff}
   (You found it on level 1 of the Dungeon)
Jewellery
 j - a ring of protection from cold
   (You found it on level 1 of the Dungeon)
 o - a ring of poison resistance
   (You found it on level 1 of the Dungeon)
 p - a ring of protection from cold
   (You found it on level 2 of the Dungeon)
 q - a ring of magical power (right hand)
   (You found it on level 2 of the Dungeon)
 r - a ring of see invisible (left hand)
   (You found it on level 2 of the Dungeon)
 E - a ring of wizardry
   (You found it on level 3 of the Dungeon)
Scrolls
 g - a scroll of identify {@r1}
 h - a scroll of teleportation {@r4}
 u - a scroll of noise {!r}
Potions
 c - 2 potions of curing {@q1}
 f - a potion of cancellation
 i - a potion of magic
 n - a potion of invisibility
 t - 2 potions of mutation {!q}
 F - 2 potions of might

Dungeon Overview and Level Annotations

Branches:
Dungeon (4/15) Zot: 20224
 Temple: D:4-7

Altars:
Cheibriados
Elyvilon
Uskayaw

Shops:
D:3 [

Annotations:
D:2 1 runed translucent door, Crazy Yiuf

##....# #.########.###.#.# #♣∩
##########..............###..
###8###8##########.##.........♣
###8)..8...8### #.####.#####.#
.##.........#### #.# #.# #.#
.#>........._#.# #.# #.# #.#
###.........##.# #<# #.# #.#
###8...8...8##.#####.# ##.## #.#
#####8###8####..@....###...####.#
.#############..g)...............
............############...###...
############# #........#
#...####.. ##### ###


You could see a gnoll.


Message History

Found a snail-covered altar of Cheibriados.
Unknown command.
There is an open door here.
Danger!
Unknown command.
Unknown command.
Unknown command.
You see here a hobgoblin corpse.
Unknown command.
Unknown command.
b - a staff of earth (weapon)
{!astaff} Unknown command.
Unknown command.
Unknown command.
Unknown command.
Unknown command.
You enter the shallow water.
Moving in this stuff is going to be slow.
Unknown command.
g - a scroll of identify {@r1} Unknown command.
An orc comes into view. It is wielding a +0 short sword.
Danger!
Unknown command.
You feel a surge of power!
The blast of sand hits the orc!
The orc shouts!
You hear a shout! x2
An orc comes into view. It is wielding a +0 club.
The orc throws a boomerang.
The boomerang completely misses you.
A gnoll comes into view. It is wielding a +0 flail.
Unknown command.
You feel a surge of power!
The blast of sand hits the orc!
You kill the orc!
The orc shouts!
You hear an angry hiss.
An orc comes into view. It is wielding a +0 dagger.
You feel a surge of power!
The blast of sand hits the orc but does no damage.
The orc shouts! x2
The orc closely misses you. The orc barely misses you.
The gnoll hits you with a +0 flail!
An iguana comes into view.
Unknown command.
The orc attacks as you move away! The orc misses you.
A gnoll comes into view. It is wielding a +0 flail.
The orc attacks as you move away! The orc closely misses you.
A ball python comes into view.
The ball python hisses angrily.
A goblin comes into view. It is wielding a +0 dagger.
The gnoll attacks as you move away! The gnoll misses you.
You enter the shallow water.
Moving in this stuff is going to be slow.
The ball python bites you but does no damage.
The ball python grabs you. The ball python constricts you.
The ball python barely misses you. The ball python constricts you.
You escape the ball python's grasp.
The gnoll attacks as you move away! The gnoll misses you.
A howler monkey comes into view.
The ball python closely misses you. The ball python grabs you.
The ball python constricts you. The ball python bites you.
The ball python constricts you.
The ball python's grasp on you weakens, but your attempt to escape fails.
The ball python bites you. The ball python constricts you.
You escape the ball python's grasp.
Unknown command.
A gnoll comes into view. It is wielding a +0 club.
The gnoll throws a stone.
The stone misses you. The gnoll attacks as you move away! The gnoll misses you.
You see here a hobgoblin corpse.
The gnoll closely misses you.
There is a stone staircase leading up here.
Unknown command.
The gnoll hits you with a +0 flail.
* * * LOW HITPOINT WARNING * * *
The gnoll hits you with a +0 club.
* * * LOW HITPOINT WARNING * * *
You climb upwards.
There is a stone staircase leading down here.
Unknown command.
You are too injured to fight recklessly!
Unknown command.
Casting: Sandblast (safe; 2% risk of failure)
Confirm with . or Enter, or press ? or * to list all spells.
Aiming: Sandblast (safe; 2% risk of failure)
Press: ? - help, Shift-Dir - straight line, f - gnoll
Aim: a gnoll, wielding a +0 club and quivering stones (85% to hit)
You feel a surge of power!
The blast of sand hits the gnoll but does no damage.
The gnoll barely misses you. x2; The gnoll hits you with a +0 flail.
* * * LOW HITPOINT WARNING * * *
The gnoll barely misses you.
Casting: Sandblast (safe; 2% risk of failure)
Confirm with . or Enter, or press ? or * to list all spells.
Aiming: Sandblast (safe; 2% risk of failure)
Press: ? - help, Shift-Dir - straight line, f/p - gnoll
Aim: a gnoll, wielding a +0 club and quivering stones (85% to hit)
You feel a surge of power!
The blast of sand hits the gnoll!
You kill the gnoll!
The gnoll closely misses you. The gnoll hits you with a +0 flail!
You die...

Skill      XL: |  1  2  3  4  5  6 |
---------------+-------------------+-----
Stealth        | 3 4 5 6 |  6.2
Earth Magic    | 4 |  4.9
Short Blades   | 1 2 3 |  3.1
Transmutations | 2 |  2.2
Dodging        | |  2.4
Spellcasting   | |  2.1

Action                   |  1- 3 |  4- 6 || total
-------------------------+-------+-------++-------
Melee: Dagger            |       |    22 ||    22
 Cast: Sandblast         |    14 |    38 ||    52
       Passwall          |       |    12 ||    12
  Use: Scroll            |       |    10 ||    10
       Potion            |       |     1 ||     1
 Stab: Sleeping          |       |    14 ||    14
Armor: Robe              |       |     6 ||     6
Dodge: Dodged            |     1 |    36 ||    37

Levels and vault maps discovered:
D:1:      giann_horns, layout_rooms
D:2:      layout_basic, kennysheep_donut, nicolae_figureground_pulse,
          uniq_natasha, uniq_crazy_yiuf_cottage
D:3:      layout_loops_ring, nicolae_uskayaw_dance_hall,
          nicolae_overflow_hidden_temple, serial_shops, nicolae_shop_trees,
          ebering_ecumenical_altar_box, mrwooster_statue_mirror,
          item_on_display_a, uniq_grinder
D:4:      layout_basic, kennysheep_mini_moat,
          nicolae_dithmenos_through_a_glass_darkly

Notes
Turn   | Place    | Note
-------+----------+-------------------------------------------
     0 | D:1      | Sobieck the Kobold Earth Elementalist began the quest for
                  | the Orb.
     0 | D:1      | Reached XP level 1. HP: 10/10 MP: 3/3
   217 | D:1      | Reached skill level 3 in Stealth
   298 | D:1      | Reached XP level 2. HP: 15/15 MP: 3/5
   621 | D:2      | Noticed Natasha
   623 | D:2      | Killed Natasha
   624 | D:2      | Reached skill level 4 in Stealth
   624 | D:2      | Reached XP level 3. HP: 17/19 MP: 3/6
   749 | D:2      | Noticed Natasha
   750 | D:2      | Killed Natasha
   751 | D:2      | Reached skill level 4 in Earth Magic
   751 | D:2      | Reached XP level 4. HP: 14/24 MP: 7/7
  1177 | D:2      | Learned a level 2 spell: Passwall
  1409 | D:2      | Reached skill level 5 in Stealth
  1481 | D:2      | Noticed Natasha
  1489 | D:2      | Killed Natasha
  1490 | D:2      | Reached skill level 1 in Short Blades
  1490 | D:2      | Reached XP level 5. HP: 16/28 MP: 8/8
  2235 | D:2      | Found a runed translucent door.
  2238 | D:2      | Noticed Crazy Yiuf
  2491 | D:3      | Found Bess's Armour Shoppe.
  2494 | D:3      | Bought a +0 pair of gloves for 58 gold pieces
  2678 | D:3      | Found a faded altar of an unknown god.
  2710 | D:3      | You pick up a book of Spatial Translocations and begin
                  | reading...
  2710 | D:3      | You add the spells Blink, Lesser Beckoning and Manifold
                  | Assault to your library.
  2753 | D:3      | Noticed Grinder
  2758 | D:3      | Paralysed by Grinder for 5 turns
  2764 | D:3      | Killed Grinder
  2765 | D:3      | Reached skill level 2 in Short Blades
  2765 | D:3      | Reached skill level 6 in Stealth
  2765 | D:3      | Reached skill level 2 in Transmutations
  2765 | D:3      | Reached XP level 6. HP: 32/32 MP: 9/9
  2905 | D:3      | Reached skill level 3 in Short Blades
  2971 | D:3      | Found a hide-covered altar of Uskayaw.
  3495 | D:3      | Found a white marble altar of Elyvilon.
  3662 | D:4      | Found a snail-covered altar of Cheibriados.
  3714 | D:3      | Slain by a gnoll

Vanquished Creatures
  Grinder (D:3)
  An orc wizard (D:3)
  Natasha (thrice) (D:2)
  2 adders
  A gnoll (D:3)
  2 worms (D:2)
  7 orcs
  5 endoplasms
  A giant cockroach (D:2)
  4 hobgoblins
  2 kobolds (D:2)
  4 quokkas
  6 bats
  3 frilled lizards
  2 rats
44 creatures vanquished.

Table legend:
 A = Non-vault XP
 B = Vault XP
 C = Vault XP percentage of total XP
 D = Non-vault monster count
 E = Vault monster count
 F = Vault count percentage of total count
                 A         B        C        D         E       F
            +---------+---------+-------+---------+---------+-------
      Total |     226 |     297 |  56.8 |      42 |       2 |   4.5
            +---------+---------+-------+---------+---------+-------
        D:1 |      12 |       0 |   0.0 |       7 |       0 |   0.0
        D:2 |     112 |      35 |  23.8 |      15 |       1 |   6.2
        D:3 |      97 |     262 |  73.0 |      18 |       1 |   5.3
        D:4 |       5 |       0 |   0.0 |       2 |       0 |   0.0
            +---------+---------+-------+---------+---------+-------

Illustrated notes

Table legend:
 A = Kills in this place as a percentage of kills in entire the game.
 B = Kills by you in this place as a percentage of kills by you in the entire game.
 C = Kills by friends in this place as a percentage of kills by friends in the entire game.
 D = Other kills in this place as a percentage of other kills in the entire game.
 E = Experience gained in this place as a percentage of experience gained in the entire game.
 F = Experience gained in this place divided by the number of levels of this place that you have seen.
                   A       B       C       D       E      F
               +-------+-------+-------+-------+-------+----------------------
         Total | 100.0 | 100.0 |   N/A |   N/A | 100.0 | 130.8
       Dungeon | 100.0 | 100.0 |   N/A |   N/A | 100.0 | 130.8
               +-------+-------+-------+-------+-------+----------------------

Table legend: (Time is in decaauts)
 A = Elapsed time spent in this place.
 B = Non-inter-level travel time spent in this place.
 C = Inter-level travel time spent in this place.
 D = Time resting spent in this place.
 E = Time spent auto-exploring this place.
 F = Levels seen in this place.
 G = Mean time per level.
                   A        B        C        D        E       F      G
               +--------+--------+--------+--------+--------+-----+--------+
         Total |   3773 |   3712 |     61 |    382 |   2613 |   4 |  943.2 |
       Dungeon |   3773 |   3712 |     61 |    382 |   2613 |   4 |  943.2 |
               +--------+--------+--------+--------+--------+-----+--------+

Top non-repeatable levels by time:
     D:2: 1850 daAuts
     D:3: 1229 daAuts
     D:1: 608 daAuts
     D:4: 85 daAuts
